 Dungeon Crawl Stone Soup version 0.21-a0-513-gdcb3f5eb25 (webtiles) character file.

28 Kaname the Magician (level 3, 16/24 HPs)
             Began as a Demonspawn Wizard on Dec 2, 2017.
             Quit the game on level 1 of the Dungeon.
             The game lasted 00:02:02 (710 turns).

Kaname the Magician (Demonspawn Wizard)              Turns: 710, Time: 00:02:03

Health: 16/24      AC:  8    Str:  7    XL:     3   Next: 0%
Magic:  4/7        EV: 12    Int: 20    God:
Gold:   18         SH:  0    Dex: 11    Spells: 5/8 levels left

rFire    . . .     SeeInvis .   f - +0 spear
rCold    . . .     Gourm    .   (no shield)
rNeg     . . .     Faith    .   a - +0 robe
rPois    .         Spirit   .   b - +0 hat
rElec    .         Reflect  .   (no cloak)
rCorr    .         Harm     .   (no gloves)
MR       .....                  (no boots)
Stlth    +.........             (no amulet)
HPRegen  0.08/turn              (no ring)
MPRegen  0.10/turn              (no ring)

@: sanguine armour
A: hooves 1, sanguine armour 1
a: no special abilities


You were on level 1 of the Dungeon.
You were not hungry.

You visited 1 branch of the dungeon, and saw 1 of its levels.

You collected 18 gold pieces.

Inventory:

Hand Weapons
 f - a +0 spear (weapon)
Armour
 a - a +0 robe (worn)
 b - a +0 hat (worn)
Scrolls
 h - 2 scrolls of teleportation {unknown}
Potions
 e - a potion of mutation {unknown}
 i - a potion of invisibility {unknown}
Books
 c - a book of Minor Magic

   Spells                             Type                      Level
   a - Magic Dart                     Conjuration                  1
   b - Blink                          Translocation                2
   c - Call Imp                       Summoning                    2
   d - Slow                           Hexes                        2
   e - Conjure Flame                  Conjuration/Fire             3
   f - Mephitic Cloud                 Conjuration/Poison/Air       3
Comestibles
 d - a bread ration
 g - a meat ration


   Skills:
 - Level 1.7 Dodging
 - Level 1.7 Stealth
 - Level 3.0 Spellcasting
 - Level 3.0 Conjurations
   Level 1.0 Summonings
 + Level 0.9 Translocations


You had 5 spell levels left.
You knew the following spells:

 Your Spells              Type           Power        Failure   Level  Hunger
a - Magic Dart            Conj           ###.         4%          1    None
b - Blink                 Tloc           N/A          14%         2    ##.....


Dungeon Overview and Level Annotations

Branches:
Dungeon (1/15)

Altars:


Innate Abilities, Weirdness & Mutations

You have large cloven feet.
When seriously injured, your bleeding wounds create armour. (AC +6)


Message History

Confirm with . or Enter, or press ? or * to list all spells.
Aiming: Magic Dart
Press: ? - help, Shift-Dir - straight line, f - rat
Aim: a rat The magic dart hits the rat.
The rat is moderately wounded.
Casting: Magic Dart
Confirm with . or Enter, or press ? or * to list all spells.
Aiming: Magic Dart
Press: ? - help, Shift-Dir - straight line, f/p - rat
Aim: a rat (moderately wounded)
The magic dart hits the rat.
You kill the rat!
You have reached level 3!
Your experience leads to an increase in your attributes!
Increase (S)trength, (I)ntelligence, or (D)exterity?
You feel clever.
Your demonic ancestry asserts itself...
You feel your blood ready itself to protect you.
Your blood congeals into armour.
Are you sure you want to abandon this character and quit the game? (Confirm with "yes".)

.
#..............#...##.
..
##...#†.........#...##.
..
.....#..........'......
.
................##.....
...........###.###.##.
...........# #.# #.##.
. # ###......# #.#
#.##. ...
#...###..#######.#
#.##. ...
...$...@..........
..... ...
.....†............
..... ...
.....###..#.##.#..
####. ##. .# ...r
#..#.# #. # ...# ...
.... # .####. # ...# ..
..... ...... ##...# .
.....# ...... ##...#
....# ...... .....#
......


You could see a rat.

Vanquished Creatures
  2 dart slugs (D:1)
  A leopard gecko (D:1)
  3 bats (D:1)
  2 giant cockroaches (D:1)
  3 goblins (D:1)
  2 hobgoblins (D:1)
  2 frilled lizards (D:1)
  8 rats (D:1)
23 creatures vanquished.

Notes
Turn   | Place    | Note
-------+----------+-------------------------------------------
     0 | D:1      | Kaname the Demonspawn Wizard began the quest for the Orb.
     0 | D:1      | Reached XP level 1. HP: 13/13 MP: 4/4
   367 | D:1      | Gained mutation: You have large cloven feet. [demonic ancestry]
   367 | D:1      | Reached XP level 2. HP: 6/19 MP: 1/6
   420 | D:1      | Learned a level 2 spell: Blink
   709 | D:1      | Gained mutation: When seriously injured, your bleeding wounds create armour. (AC +6) [demonic ancestry]
   709 | D:1      | Reached XP level 3. HP: 16/24 MP: 3/7
   710 | D:1      | Quit the game

Vault maps used:
D:1:      dpeg_arrival_prison

Skill      XL: |  1  2 |
---------------+-------+-----
Conjurations   | 2 3 |  3.0
Dodging        | |  1.7
Stealth        | |  1.7
Spellcasting   | |  3.0
Summonings     | |  1.0
Translocations | |  0.9

Action                   || total
-------------------------++-------
Melee: Spear             ||    17
       Unarmed           ||     1
       Kick              ||     3
 Cast: Magic Dart        ||    41
Dodge: Dodged            ||    12

Table legend:
 A = Spawn XP
 B = Non-spawn XP
 C = Spawn XP percentage of total XP
 D = Spawn monster count
 E = Non-spawn monster count
 F = Spawn count percentage of total count
 G = Total turns spent on level
                    A         B        C        D         E        F      G
               +---------+---------+-------+---------+---------+-------+---------
         Total |       0 |      41 |   0.0 |       0 |      23 |   0.0 |   710
               +---------+---------+-------+---------+---------+-------+---------
           D:1 |       0 |      41 |   0.0 |       0 |      23 |   0.0 |   710
               +---------+---------+-------+---------+---------+-------+---------
